 Dungeon Crawl Stone Soup version 0.22.1-1-ga44c0e5 (webtiles) character file.

6154 Lavandula the Cleaver (level 10, -4/112 (115) HPs)
             Began as a Centaur Berserker on Nov 5, 2018.
             Was a High Priest of Trog.
             Slain by a troll (18 damage)
             ... led by an orc warlord
             ... on level 1 of the Orcish Mines.
             The game lasted 00:18:40 (3513 turns).

Lavandula the Cleaver (Centaur Berserker)           Turns: 3513, Time: 00:18:41

HP:   -4/112 (115)  AC:  6    Str: 30    XL:     10   Next: 59%
MP:   10/10         EV:  9    Int: 11    God:    Trog [*****.]
Gold: 255           SH:  0    Dex: 13    Spells: 9/9 levels left

rFire    + . .     SeeInvis +   G - +1 war axe (vamp)
rCold    + . .     Gourm    .   (no shield)
rNeg     . . .     Faith    .   r - +1 leather armour "Peigosal" {+Inv Str+2 Int+5 Dex+4} (curse)
rPois    .         Spirit   .   m - +0 helmet
rElec    .         Reflect  .   H - scarf {rC+ rF+}
rCorr    .         Harm     .   (no gloves)
MR       ++...                  (no barding)
Stlth    ..........             (no amulet)
HPRegen  1.28/turn              A - ring of attention (curse)
MPRegen  0.12/turn              u - ring of see invisible

@: berserking, lethally poisoned (-4 -> -5), regenerating, very quick
A: large, hooves 3, deformed body, speed 2, tough skin 3
a: Berserk, Trog's Hand, Brothers in Arms, Renounce Religion, Evoke Invisibility


You were on level 1 of the Orcish Mines.
You worshipped Trog.
Trog was extremely pleased with you.
You were not hungry.

You visited 2 branches of the dungeon, and saw 12 of its levels.

You collected 277 gold pieces.
You spent 22 gold pieces at shops.

Inventory:

Hand Weapons
 a - a +0 hand axe
 e - a +0 spear
 w - a +0 hunting sling
 C - a +2 whip of flaming
 F - a +0 club
 G - a +1 vampiric war axe (weapon)
Missiles
 n - 89 sling bullets
 L - 7 exploding tomahawks (quivered)
Armour
 b - a +0 animal skin
 m - a +0 helmet (worn)
 q - a +0 buckler
 r - the cursed +1 leather armour "Peigosal" (worn) {+Inv Str+2 Int+5 Dex+4}
   (You found it on level 4 of the Dungeon)

   It affects your strength (+2).
   It affects your intelligence (+5).
   It affects your dexterity (+4).
   It lets you turn invisible.
   It has a curse placed upon it.
 y - a +2 ring mail of fire resistance
 z - +0 steam dragon scales
 E - a +1 robe of magic resistance
 H - a scarf of resistance (worn)
Jewellery
 g - an uncursed ring of positive energy
 u - a ring of see invisible (right hand)
 A - a cursed ring of attention (left hand)
Wands
 o - a wand of flame (25)
 v - a wand of scattershot (6)
 D - a wand of acid (9)
Scrolls
 k - 2 scrolls of magic mapping
 l - a scroll of blinking
 s - 2 scrolls of amnesia {unknown}
 t - a scroll of teleportation {unknown}
 x - a scroll of fog
 B - a scroll of fear {unknown}
 I - 2 scrolls of holy word {unknown}
 J - 2 scrolls of remove curse {unknown}
Potions
 d - 3 potions of heal wounds
 f - a potion of agility
 h - 2 potions of lignification
 i - a potion of cancellation {unknown}
 j - a potion of curing {unknown}
 p - 2 potions of flight
 K - a potion of mutation {unknown}
Comestibles
 c - 10 rations


   Skills:
 - Level 3.0 Fighting
 + Level 14.3 Axes
 - Level 1.3 Armour
 - Level 1.3 Dodging


You had 9 spell levels left.
You didn't know any spells.
Your spell library contained the following spells:

 Spells                   Type           Power        Failure   Level  Hunger
 Summon Small Mammal      Summ           #...         36%         1    ##.....
 Call Imp                 Summ           #.......     52%         2    ###....
 Call Canine Familiar     Summ           #.......     75%         3    ####...
 Summon Guardian Golem    Hex/Summ       #.......     75%         3    ####...
 Summon Ice Beast         Ice/Summ       #.......     98%         4    #####..
 Summon Lightning Spire   Summ/Air       #.......     98%         4    #####..


Dungeon Overview and Level Annotations

Branches:
Dungeon (11/15)               Orc (1/2) D:9
 Temple: D:4-7         Lair: D:8-11

Altars:
Cheibriados
Elyvilon
Gozag
Hepliaklqana
Nemelex Xobeh
Ru
Sif Muna
Uskayaw
Zin

Shops:
D:8 *}:

Annotations:
D:7 exclusion: door
Orc:1 Josephine


Innate Abilities, Weirdness & Mutations

You have hooves in place of feet.
Armour fits poorly on your strangely shaped body.
You cover ground very quickly.
You have extremely tough skin. (AC +3)


Message History

Trog accepts your kill.
You completely miss the warg. You barely miss the troll.
A wraith comes into view.
The troll bites you! The troll claws you!
The troll claws you but does no damage.
The orc priest calls down the wrath of Beogh upon you.
Beogh smites you! The orc warrior closely misses you. The warg bites you.
You feel the effects of Trog's Hand fading.
The orc warlord hits you with a war axe of venom!!
* * * LOW HITPOINT WARNING * * *
You are poisoned.
Josephine screams, "I'll use your head as a decoration in my hut!"
The wraith hits you.
* * * LOW HITPOINT WARNING * * *
The orc priest hits you.
* * * LOW HITPOINT WARNING * * *
The orc warrior hits you from afar with an enchanted glaive.
* * * LOW HITPOINT WARNING * * *
The troll bites you!!
You die...

## ##.## .
#.... ...#...
.# ...W#W.
###..#
#.W.W@o#.....#.
#..oW@ho.....
......Toooh..#.
......o.oo.###
....###.....$
... ........#
.. #..###.#. .
.### ... # #.


You could see an orc warlord, Josephine, a troll, 5 wraiths, 2 wargs, 4 orc
warriors, 2 orc priests, an orc wizard and an orc.

Vanquished Creatures
  Nergalle (D:10)
  Pikel (D:6)
  An orc sorcerer (Orc:1)
  Maurice (D:8)
  A centaur skeleton (D:10)
  A troll (D:9)
  3 yaks (D:9)
  A wyvern (D:9)
  A steam dragon (D:10)
  A hungry ghost (D:9)
  A water moccasin (D:9)
  A two-headed ogre zombie (D:9)
  An ice beast (D:8)
  An orc warrior (D:10)
  A necrophage (D:8)
  A black bear (D:8)
  3 ogres
  3 phantoms
  A centaur (D:8)
  A crocodile (D:10)
  3 bullfrogs
  2 big kobolds (D:8)
  A water moccasin zombie (D:7)
  A wyvern zombie (D:10)
  A wyvern skeleton (D:8)
  2 scorpions
  A troll zombie (D:9)
  A jelly (D:8)
  A howler monkey (D:6)
  3 crimson imps
  5 hounds
  4 orc priests
  2 bullfrog skeletons (D:6)
  An iguana (D:10)
  Ijyb (D:3)
  10 orc wizards
  A worker ant (D:4)
  6 ogre zombies (D:9)
  2 hound skeletons
  2 worker ant zombies
  6 adders
  3 shadow imps
  2 oozes (D:2)
  An adder skeleton (D:8)
  2 worms
  A dart slug (D:1)
  3 leopard geckos (D:2)
  23 orcs
  3 bats
  5 giant cockroaches
  7 goblins
  A hobgoblin (D:3)
  5 jackals
  17 kobolds
  2 quokkas
  A ball python skeleton (D:5)
  4 frilled lizards
  A giant cockroach zombie (D:5)
  3 goblin zombies (D:9)
  A hobgoblin skeleton (D:9)
  3 hobgoblin zombies (D:9)
  A jackal zombie (D:7)
  A leopard gecko skeleton (D:4)
  A leopard gecko zombie (D:6)
  An orc skeleton (D:9)
  14 orc zombies (D:9)
  7 rats
195 creatures vanquished.

Vanquished Creatures (others)
  2 slaves (D:6)
  A scorpion (D:5)
  An adder (D:6)
4 creatures vanquished.

Grand Total: 199 creatures vanquished

Notes
Turn   | Place    | Note
-------+----------+-------------------------------------------
     0 | D:1      | Lavandula the Centaur Berserker began the quest for the
                  | Orb.
     0 | D:1      | Reached XP level 1. HP: 19/19 MP: 1/1
    48 | D:1      | Reached skill level 3 in Axes
    49 | D:1      | Reached XP level 2. HP: 15/26 MP: 2/2
   170 | D:2      | Reached XP level 3. HP: 14/31 MP: 3/3
   230 | D:1      | Reached ** piety under Trog
   261 | D:2      | Reached skill level 4 in Axes
   276 | D:2      | Found a snail-covered altar of Cheibriados.
   468 | D:3      | Found an opulent altar of Gozag.
   485 | D:4      | Noticed a bullfrog
   496 | D:4      | Reached XP level 4. HP: 31/38 MP: 4/4
   498 | D:4      | Killed a bullfrog
   498 | D:4      | Reached skill level 5 in Axes
   498 | D:4      | Reached XP level 5. HP: 36/45 MP: 5/5
   629 | D:4      | Found a white marble altar of Elyvilon.
   629 | D:4      | Found a hide-covered altar of Uskayaw.
   634 | D:4      | Found a sacrificial altar of Ru.
   646 | D:4      | Found a sparkling altar of Nemelex Xobeh.
   689 | D:4      | Got a warped leather armour
   700 | D:4      | Identified the cursed +1 leather armour "Peigosal" {+Inv
                  | Str+2 Int+5 Dex+4} (You found it on level 4 of the Dungeon)
   764 | D:5      | Entered Level 5 of the Dungeon
   913 | D:3      | Found a hazy altar of Hepliaklqana.
   941 | D:3      | Noticed Ijyb
   956 | D:3      | Killed Ijyb
  1120 | D:5      | Reached skill level 6 in Axes
  1127 | D:5      | Reached XP level 6. HP: 51/51 MP: 6/6
  1159 | D:5      | Reached *** piety under Trog
  1395 | D:6      | Noticed an orc warrior
  1397 | D:6      | Reached skill level 7 in Axes
  1536 | D:6      | Noticed a slave
  1536 | D:6      | Noticed a slave
  1536 | D:6      | Noticed a slave
  1536 | D:6      | Noticed a slave
  1536 | D:6      | Noticed Pikel
  1549 | D:6      | Killed Pikel
  1549 | D:6      | Reached skill level 8 in Axes
  1549 | D:6      | Reached XP level 7. HP: 49/57 MP: 7/7
  1590 | D:6      | Reached skill level 9 in Axes
  1590 | D:6      | Reached XP level 8. HP: 38/63 MP: 8/8
  1835 | D:7      | Found a glowing silver altar of Zin.
  1871 | D:7      | Found a deep blue altar of Sif Muna.
  2041 | D:8      | Reached skill level 10 in Axes
  2042 | D:8      | Noticed Maurice
  2091 | D:8      | Killed Maurice
  2129 | D:9      | Noticed a troll
  2146 | D:8      | Reached skill level 11 in Axes
  2146 | D:8      | Reached XP level 9. HP: 69/69 MP: 9/9
  2214 | D:8      | Reached **** piety under Trog
  2415 | D:8      | Found Pepasem's General Store.
  2419 | D:8      | Bought a scroll of identify for 22 gold pieces
  2564 | D:8      | Found Xadypse's Book Shop.
  2620 | D:8      | Found Boninnir's Gadget Shoppe.
  2756 | D:8      | Reached skill level 12 in Axes
  3058 | D:10     | Entered Level 10 of the Dungeon
  3109 | D:9      | Reached ***** piety under Trog
  3130 | D:9      | Reached skill level 13 in Axes
  3193 | D:10     | Reached XP level 10. HP: 70/75 MP: 10/10
  3204 | D:10     | Noticed Nergalle
  3214 | D:10     | Killed Nergalle
  3416 | D:9      | Found a staircase to the Orcish Mines.
  3439 | D:9      | Received a gift from Trog
  3449 | D:9      | Reached skill level 14 in Axes
  3504 | Orc:1    | Entered Level 1 of the Orcish Mines
  3504 | Orc:1    | Noticed Josephine
  3504 | Orc:1    | Noticed an orc sorcerer
  3504 | Orc:1    | Noticed an orc warlord
  3510 | Orc:1    | Killed an orc sorcerer
  3513 | Orc:1    | Slain by a troll

Skill      XL: |  1  2  3  4  5  6  7  8  9 10 |
---------------+-------------------------------+-----
Axes           | 3 4 5 6 8 9 11 13 14 | 14.3
Fighting       | |  3.0
Armour         | |  1.3
Dodging        | |  1.3

Action                   |  1- 3 |  4- 6 |  7- 9 | 10-12 || total
-------------------------+-------+-------+-------+-------++-------
Melee: Hand axe          |    62 |   115 |    26 |       ||   203
       Kick              |     7 |    35 |    71 |    28 ||   141
       War axe           |       |       |   180 |    81 ||   261
 Fire: Hunting sling     |       |    15 |       |       ||    15
Invok: Berserk           |     5 |     3 |     6 |     4 ||    18
       Trog's Hand       |       |     2 |     4 |     3 ||     9
Evoke: Wand              |       |     4 |     1 |     1 ||     6
  Use: Scroll            |     5 |       |     2 |       ||     7
  Eat: Chunk             |     2 |     7 |     8 |     1 ||    18
       Ration            |       |       |     3 |     1 ||     4
Armor: Animal skin       |    25 |     3 |       |       ||    28
       Leather armour    |       |    25 |    60 |    13 ||    98
Dodge: Dodged            |    36 |    39 |    65 |    38 ||   178
